 Dungeon Crawl Stone Soup version 0.21.1-1-g345015f (webtiles) character file.

66789 sankara the Slicer (level 15, 0/103 HPs)
             Began as a Halfling Fighter on Feb 15, 2018.
             Was an Initiate of Gozag.
             Shot with a bolt by a yaktaur (21 damage)
             ... on level 13 of the Dungeon on Feb 16, 2018.
             The game lasted 01:51:32 (32659 turns).

sankara the Slicer (Halfling Fighter)              Turns: 32659, Time: 01:51:33

Health: 0/103      AC: 20    Str: 21    XL:     15   Next: 63%
Magic:  17/17      EV: 19    Int:  7    God:    Gozag
Gold:   899        SH:  7    Dex: 16    Spells: 4/14 levels left

rFire    + + .     SeeInvis .   b - +1 hunting sling (flame)
rCold    + . .     Gourm    .   R - +1 buckler {AC+3}
rNeg     + . .     Faith    .   z - +0 chain mail {MR+}
rPois    +         Spirit   .   Y - -2 hat of the Alchemist {rElec rPois rF+ rC+ rN+ MR+ rMut rCorr}
rElec    +         Reflect  .   w - +0 cloak
rCorr    +         Harm     .   r - +0 pair of gloves
rMut     +                      H - +2 pair of boots
MR       +++..                  A - amulet of rage
Stlth    +++.......             s - ring of protection from fire
HPRegen  0.27/turn              E - ring of stealth
MPRegen  0.15/turn

@: no status effects
A: small, mutation resistance 1
a: Potion Petition, Call Merchant, Bribe Branch, Renounce Religion, Evoke
Berserk Rage


You were on level 13 of the Dungeon.
You worshipped Gozag.
Gozag was pleased with you.
You were not hungry.

You visited 3 branches of the dungeon, and saw 21 of its levels.

You collected 7029 gold pieces.
You spent 802 gold pieces at shops.
You paid 5328 gold pieces to Gozag.

Inventory:

Hand Weapons
 a - a +3 rapier of venom
 b - a +1 hunting sling of flaming (weapon)
 n - a +3 blowgun
 Q - a +1 rapier
Missiles
 g - 32 tomahawks
 i - 249 stones (quivered)
 j - 103 sling bullets
 D - 6 curare-tipped needles
 J - 45 poisoned needles
 W - 17 needles of confusion
Armour
 r - a +0 pair of gloves (worn)
 w - a +0 cloak (worn)
 z - a +0 chain mail of magic resistance (worn)
 H - a +2 pair of boots (worn)
 R - a +1 buckler of protection (worn)
 Y - the -2 hat of the Alchemist (worn) {rElec rPois rF+ rC+ rN+ MR+ rMut rCorr}
   (You bought it in a shop on level 10 of the Dungeon)

   It protects you from fire.
   It protects you from cold.
   It insulates you from electricity.
   It protects you from poison.
   It protects you from negative energy.
   It affects your resistance to hostile enchantments.
   It protects you from acid and corrosion.
   It protects you from mutation.
Jewellery
 c - an uncursed ring of protection from cold
 f - an uncursed amulet of guardian spirit
 q - an uncursed ring of wizardry
 s - a ring of protection from fire (left hand)
 A - an amulet of rage (around neck)
 E - a ring of stealth (right hand)
 S - an uncursed ring of positive energy
 X - an uncursed ring of positive energy
Wands
 o - a wand of paralysis (12)
 p - a wand of polymorph (14)
 v - a wand of scattershot (7)
 F - a wand of disintegration (15)
 G - a wand of clouds (9)
 M - a wand of flame (38)
 P - a wand of digging (8)
 Z - a wand of acid (9)
Scrolls
 e - 6 scrolls of amnesia
 h - 6 scrolls of identify
 m - 9 scrolls of remove curse
 t - a scroll of magic mapping
 u - 10 scrolls of teleportation
 x - 3 scrolls of enchant weapon
 y - 2 scrolls of fog
 I - a scroll of holy word
 L - 2 scrolls of blinking
 U - 3 scrolls of fear
Potions
 d - 6 potions of might
 k - 4 potions of curing
 l - 3 potions of haste
 B - 2 potions of cancellation
 K - 5 potions of agility
 O - 3 potions of lignification
 T - 7 potions of flight
 V - a potion of berserk rage
Books
 C - a book of Maledictions

   Spells                             Type                      Level
   a - Corona                         Hexes                        1
   b - Ensorcelled Hibernation        Hexes/Ice                    2
   c - Confuse                        Hexes                        3
   d - Tukima's Dance                 Hexes                        3
   e - Dazzling Spray                 Conjuration/Hexes            3
 N - a book of Party Tricks

   Spells                             Type                      Level
   a - Summon Butterflies             Summoning                    1
   b - Apportation                    Translocation                1
   c - Lesser Beckoning               Translocation                3
   d - Tukima's Dance                 Hexes                        3
   e - Alistair's Intoxication        Transmutation/Poison         5
   f - Invisibility                   Hexes                        6


   Skills:
 + Level 9.8 Fighting
 - Level 14.0 Short Blades
 - Level 12.0 Slings
 + Level 12.9 Armour
 + Level 12.9 Dodging
 + Level 11.1 Stealth
 - Level 5.6 Shields
 - Level 3.0 Evocations


You had 4 spell levels left.
You knew the following spells:

 Your Spells              Type           Power        Failure   Level  Hunger
a - Apportation           Tloc           #.....       95%         1    ##.....
b - Passwall              Tmut/Erth      #.........   98%         2    ###....
c - Blink                 Tloc           N/A          98%         2    ###....
d - Call Imp              Summ           #.......     98%         2    ###....
e - Ensorcelled Hibernat  Hex/Ice        #.....       98%         2    ###....
f - Summon Butterflies    Summ           #.......     95%         1    ##.....


Dungeon Overview and Level Annotations

Branches:
Dungeon (13/15)            Temple (0/1) D:4            Lair (6/6) D:10
  Swamp (0/4) Lair:3        Snake (0/4) Lair:3        Slime (0/5) Lair:6
    Orc (2/2) D:11            Elf (0/3) Orc:2
 Vaults: D:13-14

Altars:
Cheibriados
Dithmenos
Elyvilon
Gozag
Hepliaklqana
Makhleb
Okawaru
Ru
Sif Muna
Uskayaw
Vehumet
Wu Jian
Xom
Yredelemnul
Zin
The Shining One

Shops:
D:10 [(   D:12 *(=   Orc:1 [   Orc:2 *:}*

Annotations:
D:12 exclusion: orange crystal statue


Innate Abilities, Weirdness & Mutations

You are small and have problems with some larger weapons.
You are somewhat resistant to further mutation.


Message History

Press: ? - help, Shift-Dir - straight line, f/p - yaktaur
Aim: a yaktaur, wielding an arbalest (moderately wounded)
You shoot a stone. The stone hits the yaktaur!
The stone burns the yaktaur.
The yaktaur is severely wounded.
The yaktaur shoots a bolt.
The bolt hits you but does no damage.
Firing (i - inventory. (,) - cycle):
i - 250 stones (quivered)
Press: ? - help, Shift-Dir - straight line, f/p - yaktaur
Aim: a yaktaur, wielding an arbalest (severely wounded)
You shoot a stone. The stone barely misses the yaktaur.
The yaktaur shoots a bolt.
The bolt hits you!
The yaktaur shoots a bolt.
The bolt hits you!
You are too injured to fight recklessly!
You are too injured to fight recklessly!
You are too injured to fight recklessly!
The yaktaur shoots a bolt.
The bolt hits you!
The yaktaur shoots a bolt.
The bolt hits you!
* * * LOW HITPOINT WARNING * * *
The yaktaur shoots a bolt.
The bolt hits you!!
You die...
Your body crumbles into a pile of gold.

#................).# #..#
#..........(.......# #..#
#..................# #..#
#..?....c..........# #..#
####..>........ccc....######..##
......)........(................
###########.(..((...............
# ###.....###..((...............
###.........##..@...............
##...........##.####....$.......
##...........##(# #.$($$.......
#...#.....#...#.# #..(($$......
#...#.....#...#.# #...$(.......
()..#..)#####.'.# #...(((......
#)).#.....#...### #..####..####
#...#.....#...# #..# ..#
##...........## #..# ..#


You could see 4 yaktaurs.

Vanquished Creatures
  Rupert (Lair:5)
  Kirke (D:12)
  Nessos (D:13)
  A stone giant (Orc:2)
  Josephine (D:13)
  5 hydras
  3 centaur warriors (D:13)
  2 two-headed ogres (D:12)
  4 orc high priests
  Nergalle (D:11)
  A fire crab (Lair:6)
  3 unseen horrors
  4 orc knights (Orc:2)
  2 cyclopes
  5 orc sorcerers (Orc:2)
  9 elephants
  5 spiny frogs
  Psyche (D:10)
  2 centaur skeletons
  6 komodo dragons
  2 efreet (D:13)
  4 polar bears
  8 trolls
  5 hornets
  22 blink frogs
  2 dream sheep (Lair:6)
  8 hippogriffs
  6 wraiths
  12 spriggans
  7 hogs (D:12)
  2 wyverns
  A shadow (D:13)
  36 yaks
  Eustachio (D:6)
  4 basilisks
  3 vampire mosquitoes (D:13)
  The ghost of letownia2 the Chiller, an amateur MfIE of Cheibriados (D:5)
  Edmund (D:4)
  5 swamp worms (Lair:3)
  11 water moccasins
  Menkaure (D:6)
  A soldier ant (D:11)
  16 porcupines
  2 wargs (Orc:2)
  3 nagas (Lair:3)
  Duvessa (D:5)
  24 orc warriors
  A phantom (D:6)
  4 ice beasts
  8 black bears
  10 sky beasts
  12 ogres
  3 centaurs
  20 wolves
  5 boggarts (Lair:6)
  12 crocodiles
  16 bullfrogs
  Blork the orc (D:5)
  A wyvern zombie (D:10)
  A gnoll sergeant (D:5)
  Dowan (D:5)
  6 scorpions
  5 wights (D:10)
  5 killer bees (D:10)
  4 electric eels
  A howler monkey (D:12)
  7 crimson imps
  4 centaur zombies
  2 bullfrog zombies
  7 hounds
  18 orc priests
  6 jellies
  19 orc wizards
  Crazy Yiuf (D:5)
  A bullfrog skeleton (D:5)
  5 iguanas
  8 worker ants
  A statue (D:7)
  2 hound skeletons
  2 hound zombies
  A howler monkey zombie (D:8)
  A worker ant zombie (D:7)
  Robin (D:2)
  3 gnolls (D:5)
  15 adders
  2 shadow imps
  An ooze (D:2)
  An adder zombie (D:1)
  4 adder skeletons
  2 worms
  2 dart slugs
  6 leopard geckos
  68 orcs
  A bat zombie (D:1)
  3 giant cockroaches
  14 goblins
  9 hobgoblins
  10 jackals
  7 quokkas
  7 bats
  9 frilled lizards
  A jackal zombie (D:9)
  5 kobolds
  A leopard gecko skeleton (D:9)
  12 rats
  A fungus (Lair:5)
  A plant (Lair:6)
634 creatures vanquished.

Vanquished Creatures (others)
  10 fungi
  6 plants
16 creatures vanquished.

Grand Total: 650 creatures vanquished

Notes
Turn   | Place    | Note
-------+----------+-------------------------------------------
     0 | D:1      | sankara the Halfling Fighter began the quest for the Orb.
     0 | D:1      | Reached XP level 1. HP: 15/15 MP: 1/1
    28 | D:1      | Reached skill level 3 in Short Blades
    62 | D:1      | Reached XP level 2. HP: 20/20 MP: 2/2
   371 | D:1      | Reached skill level 4 in Short Blades
   371 | D:1      | Reached XP level 3. HP: 18/25 MP: 3/3
  1248 | D:2      | HP: 1/25 [poisoned by an adder]
  1252 | D:2      | Reached XP level 4. HP: 15/30 MP: 4/4
  1419 | D:2      | Noticed Robin
  1440 | D:2      | Killed Robin
  1440 | D:2      | Reached skill level 5 in Short Blades
  1846 | D:2      | Reached XP level 5. HP: 31/35 MP: 5/5
  1891 | D:2      | Reached skill level 6 in Short Blades
  2526 | D:3      | Found a burning altar of Makhleb.
  2526 | D:3      | Noticed a green death
  2838 | D:3      | Reached XP level 6. HP: 41/41 MP: 6/6
  3136 | D:3      | Found a glowing silver altar of Zin.
  3136 | D:3      | Found an opulent altar of Gozag.
  3162 | D:3      | Reached skill level 7 in Short Blades
  3195 | D:3      | Became a worshipper of Gozag Ym Sagoz the Greedy
  3519 | D:4      | Found a staircase to the Ecumenical Temple.
  3712 | D:4      | Found a hide-covered altar of Uskayaw.
  3778 | D:4      | Noticed a sky beast
  3791 | D:4      | Killed a sky beast
  3791 | D:4      | Reached skill level 8 in Short Blades
  3791 | D:4      | Reached XP level 7. HP: 45/45 MP: 7/7
  4599 | D:5      | Entered Level 5 of the Dungeon
  4599 | D:5      | Noticed Edmund
  4641 | D:4      | Killed Edmund
  4641 | D:4      | Reached skill level 1 in Dodging
  4801 | D:5      | Noticed letownia2's ghost (amateur MfIE)
  4817 | D:5      | Killed letownia2's ghost
  4817 | D:5      | Reached skill level 9 in Short Blades
  4817 | D:5      | Reached XP level 8. HP: 43/52 MP: 8/8
  4880 | D:5      | Noticed Duvessa
  4908 | D:5      | Noticed Dowan
  4924 | D:5      | Reached skill level 1 in Slings
  4932 | D:5      | Killed Duvessa
  4954 | D:5      | Killed Dowan
  5266 | D:5      | Noticed Blork the orc
  5291 | D:5      | Killed Blork the orc
  5291 | D:5      | Reached skill level 5 in Armour
  5304 | D:5      | Reached XP level 9. HP: 46/58 MP: 9/9
  5653 | D:5      | Found a runed door.
  5860 | D:5      | Found a deep blue altar of Sif Muna.
  5969 | D:5      | Noticed Crazy Yiuf
  5972 | D:5      | Killed Crazy Yiuf
  6234 | D:6      | Noticed Eustachio
  6337 | D:6      | Killed Eustachio
  6466 | D:6      | Reached skill level 10 in Short Blades
  6472 | D:6      | Reached skill level 5 in Slings
  6568 | D:6      | Learned a level 1 spell: Apportation
  6670 | D:6      | Noticed Menkaure
  6678 | D:6      | Killed Menkaure
  6731 | D:6      | Reached skill level 1 in Stealth
  6761 | D:6      | Reached skill level 5 in Fighting
  7068 | D:6      | Found a shimmering altar of Xom.
  7072 | D:6      | Got a transparent chain mail
  7082 | D:6      | Identified the +2 chain mail of the Maze {rC+} (You found it on level 6 of the Dungeon)
  7215 | D:7      | Noticed a hippogriff
  7233 | D:7      | Killed a hippogriff
  7233 | D:7      | Reached skill level 5 in Dodging
  7341 | D:7      | Found a sacrificial altar of Ru.
  7365 | D:7      | Reached XP level 10. HP: 66/66 MP: 10/10
  7811 | D:7      | Found a radiant altar of Vehumet.
  8006 | D:7      | Found an iron altar of Okawaru.
  8468 | D:8      | Learned a level 2 spell: Passwall
  8515 | D:8      | Found a snail-covered altar of Cheibriados.
  8842 | D:8      | Found a shadowy altar of Dithmenos.
  8849 | D:8      | Found an ornate altar of the Wu Jian Council.
  9027 | D:8      | Found a basalt altar of Yredelemnul.
  9216 | D:8      | Found a white marble altar of Elyvilon.
  9439 | D:9      | Reached skill level 11 in Short Blades
  9749 | D:9      | Found a snail-covered altar of Cheibriados.
 10101 | D:9      | Found a hazy altar of Hepliaklqana.
 10114 | D:9      | Reached XP level 11. HP: 71/71 MP: 11/11
 10777 | D:10     | Entered Level 10 of the Dungeon
 11306 | D:10     | Found a staircase to the Lair.
 11476 | D:10     | Reached skill level 12 in Short Blades
 11589 | D:10     | Noticed Psyche
 11603 | D:10     | Killed Psyche
 11995 | D:10     | Reached skill level 10 in Slings
 12234 | D:11     | Found a glowing golden altar of the Shining One.
 12429 | D:11     | Noticed a cyclops
 12441 | D:11     | Killed a cyclops
 12491 | D:11     | Found a staircase to the Orcish Mines.
 13225 | D:11     | Noticed Nergalle
 13271 | D:11     | Killed Nergalle
 13271 | D:11     | Reached XP level 12. HP: 40/77 MP: 12/12
 13699 | Lair:1   | Entered Level 1 of the Lair of Beasts
 14085 | D:10     | Bought the -2 hat of the Alchemist {rElec rPois rF+ rC+ rN+ MR+ rMut rCorr} for 802 gold pieces
 14085 | D:10     | Found the -2 hat of the Alchemist {rElec rPois rF+ rC+ rN+ MR+ rMut rCorr}
 15310 | Lair:1   | Reached skill level 13 in Short Blades
 15532 | Lair:1   | Reached skill level 5 in Stealth
 17851 | Lair:3   | Reached XP level 13. HP: 66/83 MP: 13/13
 18081 | Lair:3   | Reached skill level 10 in Dodging
 18420 | Lair:3   | Found a staircase to the Snake Pit.
 18448 | Lair:3   | Reached skill level 10 in Armour
 18642 | Lair:3   | Got a clouded lapis lazuli ring
 18643 | Lair:3   | Identified the ring "Vity" {Ice *Slow +Fly Str+2 Dex+6} (You found it on level 3 of the Lair of Beasts)
 19168 | Lair:3   | Found a staircase to the Swamp.
 20461 | Lair:4   | Noticed a five-headed hydra
 20616 | Lair:4   | Learned a level 2 spell: Blink
 20619 | Lair:4   | Learned a level 2 spell: Call Imp
 20656 | Lair:4   | Killed a five-headed hydra
 20726 | Lair:4   | Reached skill level 14 in Short Blades
 21654 | Lair:5   | Learned a level 2 spell: Ensorcelled Hibernation
 21974 | Lair:5   | Noticed a six-headed hydra
 21989 | Lair:5   | Killed a six-headed hydra
 22016 | Lair:5   | Noticed Rupert
 22050 | Lair:5   | Killed Rupert
 22563 | Lair:5   | Reached XP level 14. HP: 93/93 MP: 14/14
 23225 | Lair:6   | Entered Level 6 of the Lair of Beasts
 23622 | Lair:6   | Found a staircase to the Slime Pits.
 27150 | D:12     | Noticed Kirke
 27367 | D:12     | Killed Kirke
 27367 | D:12     | Reached skill level 10 in Stealth
 27367 | D:12     | Reached skill level 5 in Shields
 27874 | D:12     | Learned a level 1 spell: Summon Butterflies
 28073 | Orc:1    | Entered Level 1 of the Orcish Mines
 28114 | Orc:1    | Found Qauxtaf's Antique Armour Boutique.
 28635 | Orc:2    | Entered Level 2 of the Orcish Mines
 28987 | Orc:2    | Found a staircase to the Elven Halls.
 29129 | Orc:2    | Reached skill level 1 in Evocations
 29129 | Orc:2    | Reached XP level 15. HP: 21/101 MP: 15/15
 29802 | Orc:2    | Found Qugaxzyss's General Store.
 30549 | Orc:2    | Found Lemaro Ramu's Book Shoppe.
 30559 | Orc:2    | Found Ucsost's Assorted Antiques.
 30561 | Orc:2    | Found Meur's Gadget Shop.
 30645 | Orc:1    | Noticed a stone giant
 30685 | Orc:2    | Killed a stone giant
 31515 | D:13     | Noticed Nessos
 31541 | D:13     | Killed Nessos
 32174 | D:13     | Noticed Josephine
 32191 | D:13     | Killed Josephine
 32659 | D:13     | Shot with a bolt by a yaktaur

Skill      XL: |  1  2  3  4  5  6  7  8  9 10 11 12 13 14 15 |
---------------+----------------------------------------------+-----
Short Blades   | 3 4 5 6 8 9 10 11 12 13 14 | 14.0
Shields        | 4 5 |  5.6
Fighting       | 3 4 5 6 7 9 |  9.8
Dodging        | 2 3 5 6 8 9 11 12 | 12.9
Armour         | 4 5 6 7 9 11 12 | 12.9
Slings         | 3 5 8 10 12 | 12.0
Stealth        | 2 4 6 8 10 11 | 11.1
Evocations     | 1 3 |  3.0

Action                   |  1- 3 |  4- 6 |  7- 9 | 10-12 | 13-15 || total
-------------------------+-------+-------+-------+-------+-------++-------
Melee: Rapier            |   109 |   271 |   418 |  1234 |  1686 ||  3718
       Unarmed           |       |       |     2 |       |       ||     2
 Fire: Hunting sling     |       |       |    55 |   380 |   592 ||  1027
Invok: Potion Petition   |       |       |     1 |       |     1 ||     2
       Call Merchant     |       |       |       |     2 |     3 ||     5
 Abil: Evoke Berserk Rag |       |       |       |     4 |     6 ||    10
  Use: Potion            |     3 |     3 |     5 |     1 |     9 ||    21
       Scroll            |       |     6 |     4 |    11 |     7 ||    28
 Stab: Distracted        |       |       |     1 |     4 |     7 ||    12
       Invisible         |       |       |       |     1 |       ||     1
       Sleeping          |       |       |       |       |     3 ||     3
       Petrified         |       |       |       |       |     1 ||     1
  Eat: Chunk             |     1 |     6 |       |       |       ||     7
       Ration            |       |     1 |     3 |    11 |    15 ||    30
Armor: Scale mail        |    46 |    79 |    13 |       |       ||   138
       Chain mail        |       |       |   137 |   295 |   404 ||   836
       Skin              |       |       |     1 |       |    15 ||    16
Dodge: Dodged            |    46 |   105 |   183 |   441 |   774 ||  1549
Block: Shield            |    85 |    50 |       |       |       ||   135
       Buckler           |       |    34 |    80 |   216 |   373 ||   703
